 Dungeon Crawl Stone Soup version 0.30-a0-451-ge042605de7 (webtiles) character file.

Game seed: 6451937604464352865

131 kurumiz the Conjurer (level 5, -4/26 (31) HPs)
             Began as a Tengu Reaver on Dec 12, 2022.
             Slain by an iguana (13 damage)
             ... on level 4 of the Dungeon.
             The game lasted 00:12:05 (2259 turns).

kurumiz the Conjurer (Tengu Reaver)                 Turns: 2259, Time: 00:12:05

HP:   -4/26 (31)    AC:  3    Str: 15    XL:     5   Next: 14%
MP:   9/9           EV: 14    Int: 13    God:
Gold: 77            SH:  0    Dex: 12    Spells: 7/8 levels left

rFire   . . .      SeeInvis .    a - +0 falchion
rCold   . . .      Faith    .    (no shield)
rNeg    . . .      Spirit   .    b - +0 leather armour
rPois   .          Reflect  .    (helmet restricted)
rElec   .          Harm     .    (no cloak)
rCorr   .          Rampage  .    (no gloves)
Will    .....                    (boots unavailable)
Stlth   +.........               (no amulet)
HPRegen 0.24/turn                (no ring)
MPRegen 0.11/turn                (no ring)

@: flying quickly and evasively, heavily drained, quick
A: beak, talons 3, nimble flight
a: no special abilities


You were on level 4 of the Dungeon.
You visited 1 branch of the dungeon, and saw 4 of its levels.

You collected 77 gold pieces.

Inventory:

Hand Weapons
 a - a +0 falchion (weapon)
 f - a +0 sling
 l - a +0 sling
Armour
 b - a +0 leather armour (worn)
 i - a +0 ring mail
Wands
 m - a wand of polymorph (10)
Scrolls
 c - 2 scrolls of teleportation {unknown}
 e - a scroll of enchant armour {unknown}
 k - a scroll of identify {unknown}
 n - a scroll of magic mapping {unknown}
 o - 2 scrolls of vulnerability {unknown}
 p - a scroll of torment {unknown}
 q - a scroll of amnesia {unknown}
 s - a scroll of fog {unknown}
Potions
 d - a potion of invisibility {unknown}
 g - 2 potions of curing {unknown}
 h - a potion of degeneration {unknown}
 j - 2 potions of flight {unknown}
 r - a potion of brilliance {unknown}
 t - a potion of haste {unknown}


   Skills:
 + Level 2.3 Fighting
 + Level 4.4 Long Blades
 + Level 2.4 Armour
 + Level 3.0 Dodging
 + Level 0.6 Stealth
 + Level 2.0 Spellcasting
 + Level 4.6 Conjurations


You had 7 spell levels left.
You knew the following spells:

 Your Spells              Type           Power      Damage    Failure   Level
a - Kiss of Death         Conj/Necr      28%        2d7       12%         1

Your spell library contained the following spells:

 Spells                   Type           Power      Damage    Failure   Level
 Momentum Strike          Conj/Tloc      14%        3d8       19%         2
 Hailstorm                Conj/Ice       7%         3d4       36%         3
 Ignite Poison            Fire/Tmut/Pois 1%         N/A       67%         3
 Kindle Blastsparks       Fire/Tloc/Air  2%         2d10      67%         3
 Freezing Cloud           Conj/Ice/Air   2%         6-21      99%         5


Dungeon Overview and Level Annotations

Branches:
Dungeon (4/15)
 Temple: D:4-7

Altars:

Shops:
D:1 **:((

Annotations:
D:2 1 runed translucent door, Crazy Yiuf


Innate Abilities, Weirdness & Mutations

You have a beak for a mouth.
You have claws for feet.
Your magical nature lets you fly swiftly and evasively.


Message History

o - 2 scrolls labelled HAJOUSA GYTE (gained 1)
You reach down and open the door.
A hobgoblin comes into view.
The hobgoblin shouts!
Found a sling.
There is an open door here.
You hit the hobgoblin but do no damage.
You claw the hobgoblin, but do no damage.
You peck the hobgoblin.
The hobgoblin is moderately wounded.
The hobgoblin closely misses you.
You hit the hobgoblin. Your kick misses the hobgoblin.
The hobgoblin is severely wounded.
The hobgoblin misses you.
You barely miss the hobgoblin.
You claw the hobgoblin, but do no damage.
You peck the hobgoblin.
You kill the hobgoblin!
You see here a hobgoblin corpse.
You see here a +0 sling.
Found a stone staircase leading down.
There is a stone staircase leading down here.
An iguana comes into view.
The iguana hisses angrily.
Found a stone staircase leading up.
You hit the iguana. You claw the iguana.
The iguana is heavily wounded.
The iguana barely misses you.
You closely miss the iguana. Your peck misses the iguana.
The iguana is heavily wounded.
The iguana bites you!
You hit the iguana but do no damage. You peck the iguana, but do no damage.
The iguana is heavily wounded.
The iguana bites you!
You are too injured to fight recklessly!
You hit the iguana. Your kick misses the iguana.
The iguana is almost dead.
The iguana bites you!
Ouch! That really hurt!
You die...

#...### ##.......
##.......#
#........<
#.........
####.........
#...#........
#....@l......
#...###...##. ##>##
### #.# ###.######
#........# ##+##
#.#.####.# ##...##
#..#.###.###.....##
#.###.##.##.......##


You could see an iguana.

Vanquished Creatures
  Jessica (D:2)
  3 adders
  2 worms (D:3)
  A dart slug (D:2)
  2 orcs (D:3)
  6 endoplasms
  5 giant cockroaches
  5 hobgoblins
  4 jackals
  2 quokkas (D:1)
  6 ball pythons
  3 bats
  7 frilled lizards
  7 goblins
  7 kobolds
  5 rats
66 creatures vanquished.

Vanquished Creatures (others)
  2 fungi (D:2)
2 creatures vanquished.

Grand Total: 68 creatures vanquished

Notes
Turn   | Place    | Note
-------+----------+-------------------------------------------
     0 | D:1      | kurumiz the Tengu Reaver began the quest for the Orb.
     0 | D:1      | Reached XP level 1. HP: 12/12 MP: 4/4
   115 | D:1      | Found Nicilato's Weapon Shoppe.
   217 | D:1      | Reached XP level 2. HP: 17/17 MP: 6/6
   364 | D:1      | Found Onaos's Assorted Antiques.
   454 | D:1      | Found Akloin's Book Shop.
   564 | D:1      | Reached XP level 3. HP: 20/21 MP: 7/7
   721 | D:1      | Found Vaomah's Weapon Shoppe.
   795 | D:1      | Reached skill level 1 in Armour
   916 | D:1      | Found Wasanil's Assorted Antiques.
  1363 | D:2      | Noticed Jessica
  1373 | D:2      | Killed Jessica
  1374 | D:2      | Reached XP level 4. HP: 26/26 MP: 8/8
  1705 | D:2      | Found a runed translucent door.
  1706 | D:2      | Noticed Crazy Yiuf
  1994 | D:3      | Gained mutation: Your magical nature lets you fly swiftly
                  | and evasively. [Tengu growth]
  1994 | D:3      | Reached XP level 5. HP: 30/30 MP: 9/9
  2259 | D:4      | Slain by an iguana

Illustrated notes

Levels and vault maps discovered:
D:1:      dreamdust_arrival_sigmund_warning, layout_loops_corners, serial_shops,
          shop_statue, nicolae_shop_bloodbath_and_beyond,
          nicolae_shop_statue_plus, shop, shop, st_stairs_5,
          hangedman_abyss_or_decor_stabs
D:2:      layout_basic, reono_crystal_passage, uniq_jessica,
          uniq_crazy_yiuf_cottage
D:3:      layout_basic, gammafunk_ghost_icy
D:4:      layout_loops_corners

Skill      XL: |  1  2  3  4 |
---------------+-------------+-----
Armour         | 2 |  2.4
Long Blades    | 4 |  4.4
Dodging        | 3 |  3.0
Fighting       | |  2.3
Stealth        | |  0.6
Spellcasting   | |  2.0
Conjurations   | |  4.6

Action                   |  1- 3 |  4- 6 || total
-------------------------+-------+-------++-------
Melee: Falchion          |   103 |    65 ||   168
       Peck              |    13 |    12 ||    25
       Kick              |    18 |    22 ||    40
       Punch             |     1 |       ||     1
 Cast: Kiss of Death     |       |     1 ||     1
 Stab: Sleeping          |     2 |       ||     2
Armor: Leather armour    |    30 |     6 ||    36
       Skin              |     3 |     2 ||     5
Dodge: Dodged            |    70 |    36 ||   106

Table legend: (Time is in decaauts)
 A = Elapsed time spent in this place.
 B = Non-inter-level travel time spent in this place.
 C = Inter-level travel time spent in this place.
 D = Time resting spent in this place.
 E = Time spent auto-exploring this place.
 F = Levels seen in this place.
 G = Mean time per level.
                   A        B        C        D        E       F      G
               +--------+--------+--------+--------+--------+-----+--------+
         Total |   2258 |   2021 |    237 |      0 |   1418 |   4 |  564.5 |
       Dungeon |   2258 |   2021 |    237 |      0 |   1418 |   4 |  564.5 |
               +--------+--------+--------+--------+--------+-----+--------+

Top non-repeatable levels by time:
     D:1: 1047 daAuts
     D:2: 703 daAuts
     D:3: 472 daAuts
     D:4: 35 daAuts
